 Dungeon Crawl Stone Soup version 0.30.1-11-g7821555f0a (webtiles) character file.

Game seed: 3057397174703241549

3147 MoonRiver the Basher (level 9, -1/79 HPs)
             Began as a Green Draconian Berserker on Nov 15, 2023.
             Was an Elder of Trog.
             Slain by a quasit (3 damage)
             ... on level 6 of the Dungeon.
             The game lasted 01:04:50 (6632 turns).

MoonRiver the Basher (Green Draconian Berserker)    Turns: 6632, Time: 01:04:56

Health: -1/79      AC: 11    Str: 22    XL:     9   Next: 62%
Magic:  9/9        EV:  2    Int:  8    God:    Trog [****..]
Gold:   252        SH:  0    Dex: -22 (12)Spells: 8/8 levels left

rFire   + . .        w - +0 flail
rCold   + . .        (no shield)
rNeg    . . .        (body armour unavailable)
rPois   +            i - +1 hat
rElec   +            (no cloak)
rCorr   +            (no gloves)
SInv    .            l - +2 pair of boots
Will    .....        (no amulet) Stlth
                     (no ring)
HPRegen 0.33/turn    (no ring)
MPRegen 0.11/turn

%: no passive effects
@: resistant, hasted and slowed, lost dexterity
A: breathe noxious fumes, AC +7, unfitting armour, poison resistance,
cold-blooded
a: Breathe Noxious Fumes, Renounce Religion, Berserk, Trog's Hand, Brothers in
Arms


You were on level 6 of the Dungeon.
You worshipped Trog.
Trog was greatly pleased with you.
You visited 1 branch of the dungeon, and saw 6 of its levels.
You also visited: Ossuary.

You collected 252 gold pieces.

Inventory:

Hand Weapons
 b - a +2 falchion of flaming
 j - a +4 dagger
 o - a +2 dagger of venom
 q - a +0 sling
 s - a +0 morningstar
 w - a +0 flail (weapon)
 G - a +1 antimagic halberd
 I - a +0 whip of flaming
Missiles
 c - 71 stones
 d - 7 poisoned darts
 e - 6 boomerangs
 u - 7 javelins (quivered)
 L - a curare-tipped dart
Armour
 h - a +0 leather armour
 i - a +1 hat (worn)
 l - a +2 pair of boots (worn)
 n - a +0 ring mail
 v - a +0 leather armour
 x - a +0 leather armour
 z - a +0 ring mail
 B - a scarf of invisibility
Wands
 H - a wand of charming (6)
 M - a wand of quicksilver (9)
Scrolls
 a - a scroll of immolation {unknown}
 f - 10 scrolls of identify {unknown}
 g - a scroll of poison {unknown}
 k - a scroll of vulnerability {unknown}
 m - 2 scrolls of magic mapping {unknown}
 p - 3 scrolls of fog {unknown}
 r - a scroll of silence {unknown}
 y - 2 scrolls of blinking {unknown}
 F - a scroll of amnesia {unknown}
 J - a scroll of enchant weapon {unknown}
 K - a scroll of enchant armour {unknown}
Potions
 t - 6 potions of brilliance
 C - a potion of flight
 E - a potion of haste


   Skills:
 + Level 7.0 Fighting
 + Level 1.5(1.8) Short Blades
 + Level 1.2(1.7) Long Blades
 + Level 3.7(6.9) Axes
 + Level 9.0(9.4) Maces & Flails
 + Level 0.3 Ranged Weapons
 + Level 1.2 Throwing
 + Level 6.5 Dodging
 + Level 3.1 Stealth


You had 8 spell levels left.
You didn't know any spells.
Your spell library contained the following spells:

 Spells                   Type           Power      Damage    Failure   Level
 Kiss of Death            Conj/Necr      0%         2d5       41%         1
 Sting                    Tmut/Pois      0%         1d3       41%         1
 Cigotuvi's Dreadful Rot  Necr/Pois/Air  0%         N/A       54%         2
 Ensorcelled Hibernation  Hex/Ice        0%         N/A       54%         2
 Passwall                 Tmut/Erth      0%         N/A       54%         2
 Poisonous Vapours        Pois/Air       0%         N/A       54%         2
 Confusing Touch          Hex            0%         N/A       78%         3
 Dazzling Flash           Conj/Hex       0%         N/A       78%         3
 Swiftness                Air            0%         N/A       78%         3
 Volatile Blastmotes      Fire/Tloc      0%         2d10      78%         3
 Dispel Undead            Necr           0%         3d6       99%         4
 Iskenderun's Mystic Bla  Conj/Tloc      0%         2d3       99%         4
 Olgreb's Toxic Radiance  Pois           0%         N/A       99%         4
 Death Channel            Necr           0%         N/A       100%        6
 Starburst                Conj/Fire      0%         6d3       100%        6


Dungeon Overview and Level Annotations

Branches:
Dungeon (6/15)             Temple (0/1) D:4         Ossuary (visited)

Altars:
Okawaru
Yredelemnul

Annotations:
D:6 1 transporter


Innate Abilities, Weirdness & Mutations

You can breathe blasts of noxious fumes.
Your lurid green scales are hard. (AC +7)
You cannot fit into any form of body armour.
Your system is resistant to poisons. (rPois)
You are cold-blooded and may be slowed by cold attacks.


Message History

The quasit claws you but does no damage. x2
The quasit bites you but does no damage.
The quasit claws you but does no damage. x2
The quasit bites you but does no damage.
The quasit claws you but does no damage. x2
The quasit bites you but does no damage.
The quasit claws you but does no damage. x2
The quasit bites you.
* * * LOW HITPOINT WARNING * * *
You feel clumsy.
The quasit claws you but does no damage. x2
The quasit attacks as you move away!
The quasit bites you but does no damage.
The quasit claws you but does no damage. x2
The quasit attacks as you move away! The quasit bites you.
* * * LOW HITPOINT WARNING * * *
The quasit claws you but does no damage. x2
The quasit bites you.
* * * LOW HITPOINT WARNING * * *
The quasit claws you but does no damage. x2
You miss the quasit.
You recover from your berserk rage.
The quasit bites you but does no damage.
The quasit claws you but does no damage.
The quasit barely misses you.
The quasit bites you but does no damage.
The quasit claws you but does no damage. x2
You barely miss the quasit. The quasit bites you.
* * * LOW HITPOINT WARNING * * *
The quasit claws you but does no damage. x2
The quasit bites you.
* * * LOW HITPOINT WARNING * * *
The quasit barely misses you.
The quasit claws you but does no damage.
The quasit bites you but does no damage.
The quasit claws you.
* * * LOW HITPOINT WARNING * * *
The quasit claws you but does no damage.
The quasit bites you.
You die...

#######.....##...##.....#######
.....#......##...##.....#.....##
>....#......##...##.....#..[...#
.....#..................#......#
.....##......#####.....##......#
.....##....###...###...##.....###
..........## ......#...)#.....##.
..........#. #.#...#....)).....'.
..........#..#.#@5.#...####'####.
..##.##...##...55#.##..##.....##.
..##.##....#?.#...#.#..##.....#..
..#.......©#(=.©#...#.........##.
..#........#!#.....##.........###
..#.......##.#...#.#©.........#
..##......# .#.##..##..##.....#
..#######.#.#...#..©#.#######'#
..##).....##..#...$##..##.....#


You could see 3 quasits.

Vanquished Creatures
  Pikel (D:4)
  The ghost of Vivialdi the Chopper, a novice DsBe of Trog (D:6)
  Grinder (D:5)
  A wyvern (D:4)
  2 black bears
  An ice beast (D:6)
  3 ogres
  A phantom (D:3)
  A lemure (D:4)
  A kobold brigand (D:6)
  Blork the orc (D:4)
  3 elf zombies (Ossuary)
  A bullfrog (D:6)
  A water moccasin zombie (D:4)
  3 quasits (D:6)
  4 hounds
  A human zombie (Ossuary)
  3 jellies
  4 iguanas
  Natasha (twice) (D:2)
  A sleepcap (D:6)
  2 orc wizards
  2 hound zombies (D:4)
  2 mummies (Ossuary)
  Robin (D:4)
  8 adders
  3 white imps (D:6)
  An ufetubus (D:5)
  2 adder zombies (D:4)
  A worm (D:2)
  3 dart slugs
  12 orcs
  9 endoplasms
  7 giant cockroaches
  15 goblins
  13 hobgoblins
  10 kobolds
  A quokka (D:3)
  7 ball pythons
  9 bats
  3 frilled lizards
  2 goblin zombies (Ossuary)
  12 hobgoblin zombies (Ossuary)
  3 jackal zombies (Ossuary)
  9 kobold zombies (Ossuary)
  6 orc zombies (Ossuary)
  5 rats
185 creatures vanquished.

Vanquished Creatures (others)
  A rat (D:2)
1 creature vanquished.

Grand Total: 186 creatures vanquished

Notes
Turn   | Place    | Note
-------+----------+-------------------------------------------
     0 | D:1      | MoonRiver the Draconian Berserker began the quest for the
                  | Orb.
     0 | D:1      | Reached XP level 1. HP: 19/19 MP: 1/1
   467 | D:1      | Reached XP level 2. HP: 26/26 MP: 2/2
   944 | D:1      | You fall into a shaft and drop 1 floor!
  1255 | D:1      | Reached XP level 3. HP: 31/31 MP: 3/3
  1773 | D:2      | Noticed Natasha
  1788 | D:2      | Killed Natasha
  1968 | D:2      | Reached XP level 4. HP: 40/40 MP: 4/4
  2270 | D:2      | Noticed Natasha
  2278 | D:2      | Killed Natasha
  2279 | D:2      | Reached skill level 1 in Short Blades
  2382 | D:3      | Noticed a phantom
  2393 | D:3      | Killed a phantom
  2393 | D:3      | Reached ** piety under Trog
  2394 | D:3      | Reached skill level 1 in Maces & Flails
  2394 | D:3      | Reached XP level 5. HP: 42/46 MP: 5/5
  2786 | D:3      | Found a faded altar of an unknown god.
  2817 | D:3      | Reached skill level 2 in Maces & Flails
  3268 | D:4      | Noticed Robin
  3274 | D:4      | Reached XP level 6. HP: 52/52 MP: 6/6
  3282 | D:4      | Killed Robin
  3359 | D:4      | Found a sand-covered staircase.
  3365 | Ossuary  | Entered an ossuary
  3473 | Ossuary  | Reached *** piety under Trog
  3560 | Ossuary  | Reached skill level 3 in Maces & Flails
  3594 | Ossuary  | Reached skill level 1 in Stealth
  3617 | Ossuary  | Reached skill level 4 in Maces & Flails
  3627 | Ossuary  | Your scales start taking on a lurid green colour.
  3627 | Ossuary  | Reached XP level 7. HP: 29/60 MP: 7/7
  3627 | Ossuary  | Gained mutation: Your system is resistant to poisons.
                  | (rPois) [Green Draconian growth]
  3809 | D:4      | Noticed a wyvern
  3816 | D:4      | Killed a wyvern
  3817 | D:4      | Reached skill level 5 in Maces & Flails
  3877 | D:4      | Found a staircase to the Ecumenical Temple.
  3945 | D:4      | Noticed Blork the orc
  3959 | D:4      | Killed Blork the orc
  4088 | D:4      | Found a basalt altar of Yredelemnul.
  4105 | D:4      | Reached **** piety under Trog
  4179 | D:4      | Noticed Pikel
  4199 | D:4      | Killed Pikel
  4200 | D:4      | Reached skill level 5 in Fighting
  4200 | D:4      | Reached skill level 7 in Maces & Flails
  4200 | D:4      | Reached skill level 5 in Dodging
  4200 | D:4      | Reached XP level 8. HP: 47/69 MP: 8/8
  4521 | D:5      | Entered Level 5 of the Dungeon
  4996 | D:5      | Noticed Grinder
  5013 | D:5      | Killed Grinder
  5014 | D:5      | Reached skill level 8 in Maces & Flails
  5014 | D:5      | Reached XP level 9. HP: 60/75 MP: 9/9
  5649 | D:6      | Found a transporter.
  5805 | D:6      | Noticed Vivialdi's ghost (novice DsBe)
  5852 | D:6      | Reached skill level 1 in Throwing
  5886 | D:6      | Found a transporter.
  5903 | D:6      | Found an iron altar of Okawaru.
  6588 | D:6      | Killed Vivialdi's ghost
  6589 | D:6      | Reached skill level 1 in Long Blades
  6589 | D:6      | Reached skill level 9 in Maces & Flails
  6603 | D:6      | Lost dexterity.
  6632 | D:6      | HP: 3/79 [quasit (1)]
  6632 | D:6      | Slain by a quasit

Illustrated notes

Levels and vault maps discovered:
D:1:      evilmike_arrival_rings, layout_basic, serial_bayou_pond_e
D:2:      layout_basic, uniq_natasha
D:3:      layout_loops_ring, hellmonk_ecumenical_altar_inner_sanctum
D:4:      layout_cave_pools, nicolae_yredelemnul_corpse_copse, temple_doors_e,
          nicolae_ossuary_entry_plus, uniq_blork_the_orc, uniq_robin, uniq_pikel
D:5:      layout_loops_corners, uniq_grinder
D:6:      layout_gridville, mainiacjoe_overflow_tiny_flanked,
          gammafunk_ghost_stat_death

Skill      XL: |  1  2  3  4  5  6  7  8  9 |
---------------+----------------------------+-----
Dodging        | 3 4 5 6 |  6.5
Fighting       | 4 5 6 7 |  7.0
Short Blades   | 1 |  1.5
Maces & Flails | 1 2 4 7 8 9 |  9.0
Stealth        | 1 2 3 |  3.1
Throwing       | 1 |  1.2
Long Blades    | 1 |  1.2
Axes           | |  3.7
Ranged Weapons | |  0.3

Action                     |  1- 3 |  4- 6 |  7- 9 || total
---------------------------+-------+-------+-------++-------
  Melee: Hand axe          |    42 |       |       ||    42
         Tailslap          |     7 |    46 |    41 ||    94
         Dagger            |    23 |     8 |       ||    31
         Morningstar       |       |    54 |    53 ||   107
         Punch             |       |     2 |     7 ||     9
         Flail             |       |   224 |   222 ||   446
         Falchion          |       |       |     8 ||     8
   Fire: Sling             |     5 |       |       ||     5
  Throw: Stone             |     4 |       |       ||     4
         Javelin           |       |     1 |     8 ||     9
         Dart              |       |       |     1 ||     1
 Invoke: Berserk           |     1 |     2 |     3 ||     6
         Trog's Hand       |       |     2 |     2 ||     4
Ability: Breathe Noxious F |       |       |     1 ||     1
    Use: Potion            |     3 |     2 |     6 ||    11
   Stab: Sleeping          |     1 |       |     3 ||     4
 Armour: Skin              |    25 |   218 |   723 ||   966
  Dodge: Dodged            |    52 |   277 |   434 ||   763
